 Dungeon Crawl Stone Soup version 0.23.2-30-g0e89c35649 (webtiles) character file.

Game seed: 6088644719392340669

978 mahrnol the Ruffian (level 7, -8/66 HPs)
             Began as a Troll Monk on June 12, 2019.
             Was a Believer of Wu Jian.
             Mangled by a two-headed ogre
             ... wielding a +0 giant club
              (24 damage)
             ... on level 5 of the Dungeon.
             The game lasted 00:17:19 (3060 turns).

mahrnol the Ruffian (Troll Monk)                    Turns: 3060, Time: 00:17:20

Health: -8/66      AC:  7    Str: 20    XL:     7   Next: 95%
Magic:  6/6        EV: 11    Int:  6    God:    Wu Jian [**....]
Gold:   314        SH:  0    Dex: 14    Spells: 6/6 levels left

rFire    . . .     SeeInvis .     - Unarmed
rCold    . . .     Gourm    +   (no shield)
rNeg     . . .     Faith    .   a - +0 robe
rPois    .         Spirit   .   (helmet restricted)
rElec    .         Reflect  .   s - +0 cloak
rCorr    .         Harm     .   (gloves unavailable)
MR       .....                  (boots unavailable)
Stlth    ++........             (no amulet)
HPRegen  0.61/turn              (no ring)
MPRegen  0.10/turn              (no ring)

@: lethally poisoned (-8 -> -8)
A: large, unfitting armour, claws 3, fast metabolism 3, gourmand, regeneration
1, shaggy fur 1, tough skin 3
a: Wall Jump, Renounce Religion


You were on level 5 of the Dungeon.
You worshipped Wu Jian.
Wu Jian was pleased with you.
You were completely stuffed.

You visited 2 branches of the dungeon, and saw 6 of its levels.

You collected 314 gold pieces.

Inventory:

Hand Weapons
 m - a +0 hunting sling
 x - a +0 flail of protection
Missiles
 c - 3 needles of confusion
 p - 8 javelins (quivered)
 r - 16 poisoned needles
 v - 3 throwing nets
 y - 4 silver tomahawks
Armour
 a - a +0 robe (worn)
 s - a +0 cloak (worn)
Wands
 i - a wand of disintegration (13)
Scrolls
 d - a scroll of random uselessness {unknown}
 g - 2 scrolls of immolation {unknown}
 h - 3 scrolls of remove curse {unknown}
 k - 4 scrolls of identify {unknown}
 l - 4 scrolls of teleportation {unknown}
 u - a scroll of enchant armour {unknown}
 w - a scroll of fear {unknown}
 A - 4 scrolls of amnesia {unknown}
Potions
 e - a potion of flight {unknown}
 f - 3 potions of curing {unknown}
 j - a potion of invisibility {unknown}
 n - 2 potions of agility {unknown}
 o - a potion of heal wounds {unknown}
 q - a potion of lignification {unknown}
 t - a potion of berserk rage {unknown}
 z - a potion of ambrosia {unknown}
Comestibles
 b - 6 rations
 B - 2 chunks of flesh


   Skills:
 - Level 2.5 Fighting
 * Level 3.3 Throwing
 + Level 3.9 Dodging
 + Level 2.1 Stealth
 + Level 7.2 Unarmed Combat


You had 6 spell levels left.
You didn't know any spells.
Your spell library was empty.

Dungeon Overview and Level Annotations

Branches:
Dungeon (5/15)             Temple (1/1) D:4

Altars:
Ashenzari
Dithmenos
Elyvilon
Fedhas
Hepliaklqana
Kikubaaqudgha
Makhleb
Ru
Trog
Uskayaw
Vehumet
Wu Jian
Xom
Yredelemnul
Zin
The Shining One

Annotations:
D:3 1 runed translucent door, Sveporus's ghost, amateur DDNe


Innate Abilities, Weirdness & Mutations

You are too large for most types of armour.
You have claws for hands.
Your metabolism is lightning-fast.
You like to eat raw meat.
Your natural rate of healing is unusually fast.
You are covered in fur. (AC +1)
You have extremely tough skin. (AC +3)


Message History

You claw the two-headed ogre!
The two-headed ogre is heavily wounded.
The two-headed ogre hits you with a +0 giant club!
The two-headed ogre closely misses you.
Aiming: Wall Jump
Press: ? - help, Dir - move target cursor You have no room to wall jump there.
Aiming: Wall Jump
Press: ? - help, Dir - move target cursor You feel sick.
You feel sick.
You lunge at the two-headed ogre, in a flurry of attacks.
You claw the two-headed ogre!
The two-headed ogre is severely wounded.
You scratch the two-headed ogre.
The two-headed ogre is almost dead.
The two-headed ogre hits you with a +0 giant club!
* * * LOW HITPOINT WARNING * * *
The two-headed ogre hits you with a +0 giant club!!
You die...

#.......#.##.#
..##..#....#.############
####....#...............#
...#.##...[...#########.#
##.#......#'#..# #.#
#.#####.##.##.## #.# ##.#
##..#...#..## #.#
##.###..#######..## #.#
##.##...#.....#.@.# #.#
........#.....'.O.# #.#
.#.##..#########..#####.#
...##..#......)#.....##.#
...##..'.......#)##.....#######
.......#.......#...............
...##..#########.......########
........#.....'...##.#.#
##.####.#[....#...###..##


You could see a two-headed ogre.

Vanquished Creatures
  A phantom (D:5)
  2 centaurs (D:5)
  A scorpion (D:4)
  A howler monkey (D:4)
  A crimson imp (D:5)
  2 bullfrog skeletons
  2 orc priests (D:3)
  2 hounds (D:4)
  An iguana (D:4)
  A centaur skeleton (D:4)
  4 orc wizards
  2 worker ants (D:5)
  A hound skeleton (D:5)
  6 gnolls
  9 adders
  A shadow imp (D:4)
  An ooze (D:4)
  A worm (D:4)
  3 dart slugs
  4 leopard geckos
  7 orcs
  2 bats
  4 giant cockroaches
  4 goblins
  4 hobgoblins
  2 quokkas
  A ball python (D:4)
  A frilled lizard (D:3)
  A jackal zombie (D:5)
  6 kobolds
  A kobold zombie (D:3)
  3 rats
82 creatures vanquished.

Notes
Turn   | Place    | Note
-------+----------+-------------------------------------------
     0 | D:1      | mahrnol the Troll Monk began the quest for the Orb.
     0 | D:1      | Reached XP level 1. HP: 22/22 MP: 0/0
   121 | D:1      | Reached XP level 2. HP: 10/29 MP: 1/1
   636 | D:2      | Found a faded altar of an unknown god.
   646 | D:2      | Reached XP level 3. HP: 35/36 MP: 2/2
  1142 | D:3      | Reached skill level 4 in Unarmed Combat
  1142 | D:3      | Reached XP level 4. HP: 43/44 MP: 3/3
  1256 | D:3      | Found a runed translucent door.
  1258 | D:3      | Noticed Sveporus's ghost (amateur DDNe)
  1383 | D:3      | Found a runed translucent door.
  1383 | D:3      | Noticed a human
  1390 | D:3      | Found a basalt altar of Yredelemnul.
  1428 | D:3      | Reached skill level 1 in Throwing
  1428 | D:3      | Reached XP level 5. HP: 37/50 MP: 4/4
  1617 | D:3      | Found a glowing silver altar of Zin.
  2077 | D:4      | Reached skill level 5 in Unarmed Combat
  2094 | D:4      | Reached XP level 6. HP: 59/59 MP: 5/5
  2298 | D:4      | Found an ornate altar of the Wu Jian Council.
  2310 | D:4      | Became a worshipper of the Wu Jian Council
  2310 | D:4      | Reached * piety under Wu Jian
  2310 | D:4      | Reached ** piety under Wu Jian
  2374 | D:4      | Reached XP level 7. HP: 50/66 MP: 6/6
  2511 | D:4      | Reached skill level 6 in Unarmed Combat
  2553 | D:4      | Found a shadowy altar of Dithmenos.
  2604 | D:4      | Found a staircase to the Ecumenical Temple.
  2681 | Temple   | Entered the Ecumenical Temple
  2754 | D:5      | Entered Level 5 of the Dungeon
  2938 | D:5      | Reached skill level 7 in Unarmed Combat
  3039 | D:5      | Noticed a two-headed ogre
  3060 | D:5      | Mangled by a two-headed ogre

Skill      XL: |  1  2  3  4  5  6  7 |
---------------+----------------------+-----
Dodging        | 3 |  3.9
Unarmed Combat | 4 5 7 |  7.2
Throwing       | 1 2 3 |  3.3
Stealth        | 2 |  2.1
Fighting       | |  2.5

Action                   |  1- 3 |  4- 6 |  7- 9 || total
-------------------------+-------+-------+-------++-------
Melee: Unarmed           |    55 |   119 |    99 ||   273
       Punch             |       |     2 |       ||     2
Invok: Whirlwind         |       |    10 |    42 ||    52
       Lunge             |       |     2 |    11 ||    13
 Abil: Wall Jump         |       |       |     2 ||     2
 Stab: Sleeping          |     2 |     1 |     2 ||     5
       Distracted        |       |     1 |       ||     1
  Eat: Chunk             |    16 |    11 |     7 ||    34
Armor: Robe              |    28 |    32 |    30 ||    90
Dodge: Dodged            |    34 |    49 |    30 ||   113
